 Dungeon Crawl Stone Soup version 0.27.1-1-g398f81649c (webtiles) character file.

Game seed: 8275689909711656186

2 Crownlay the Skirmisher (level 1, 19/20 HPs)
             Began as a Minotaur Monk on Sept 21, 2021.
             Was a Believer of Jiyva.
             Quit the game on level 1 of the Dungeon.
             The game lasted 00:00:20 (120 turns).

Crownlay the Skirmisher (Minotaur Monk)              Turns: 120, Time: 00:00:21

Health: 19/20      AC:  2    Str: 15    XL:     1   Next: 33%
Magic:  0/0        EV: 12    Int:  7    God:    Jiyva [**....]
Gold:   0          SH:  0    Dex: 12    Spells: 0/0 levels left

rFire    . . .     SeeInvis .   a - +0 falchion
rCold    . . .     Faith    .   (no shield)
rNeg     . . .     Spirit   .   b - +0 robe
rPois    .         Reflect  .   (helmet restricted)
rElec    .         Harm     .   (no cloak)
rCorr    .         Rampage  .   (no gloves)
Will     .....                  (no boots)
Stlth    ++........             (no amulet)
HPRegen  0.06/turn              (no ring)
MPRegen  0.07/turn              (no ring)

@: no status effects
A: horns 2, retaliatory headbutt
a: Renounce Religion, Request Jelly


You were on level 1 of the Dungeon.
You worshipped Jiyva.
Jiyva was pleased with you.
You visited 1 branch of the dungeon, and saw 1 of its levels.

Inventory:

Hand Weapons
 a - a +0 falchion (weapon)
Armour
 b - a +0 robe (worn)


   Skills:
 + Level 3.9 Fighting
 - Level 3.6 Long Blades
 - Level 3.2 Dodging
 - Level 1.5 Stealth


You couldn't memorise any spells.
You didn't know any spells.
Your spell library was empty.

Dungeon Overview and Level Annotations

Branches:
Dungeon (1/15)

Altars:
Jiyva


Innate Abilities, Weirdness & Mutations

You have a pair of horns on your head.
You reflexively headbutt those who attack you in melee.


Message History

Press ? for a list of commands and other information.
Found a staircase leading out of the dungeon.
You open the large door.
There is a large open door here.
Found a hunting sling.
Found a faded altar of an unknown god.
No target in view!
A ball python and a hobgoblin come into view.
The hobgoblin shouts!
The ball python hisses angrily.
There are monsters nearby!
You closely miss the ball python. The ball python bites you.
The ball python grabs you. The ball python constricts you.
You hit the ball python.
The ball python is moderately wounded.
The ball python misses you. The ball python constricts you.
The hobgoblin hits you.
The ball python bites you but does no damage.
The ball python constricts you.
You closely miss the ball python. You headbutt the ball python.
You kill the ball python!
The hobgoblin barely misses you.
You riposte.
You hit the hobgoblin.
The hobgoblin is heavily wounded.
You closely miss the hobgoblin.
The hobgoblin is heavily wounded.
The hobgoblin hits you but does no damage.
You hit the hobgoblin.
You kill the hobgoblin!
No target in view!
No target in view!
No target in view!
There is a faded altar of an unknown god here.
You cannot tell which god this altar belongs to.
Convert to them anyway?
Okay, then.
You cannot tell which god this altar belongs to.
Convert to them anyway?
Okay, then.
You cannot tell which god this altar belongs to.
Convert to them anyway?
Jiyva accepts your prayer! Jiyva welcomes you!
You can now request a jelly.
Jiyva grants you a jelly!
Are you sure you want to abandon this character and quit the game? (Confirm with "yes".)

#8.8##...# #.+...
##.P####.# ##.#...
##..###.# #..#...
###.)##.# #..#...
#..P###.######..'...
#..####.........'...
#..#.##....####.#...
##J.8##....# ######
#P8@###....#### .
#######....##.#
..######........#
.......########.#
.......########.#
#..............#
#..........##.##
#...........#.#
#.........###.#


You could see a neutral jelly (wandering) (fellow slime).

Vanquished Creatures
  A ball python (D:1)
  A hobgoblin (D:1)
2 creatures vanquished.

Vanquished Creatures (others)
  A frilled lizard (D:1)
1 creature vanquished.

Grand Total: 3 creatures vanquished

Notes
Turn   | Place    | Note
-------+----------+-------------------------------------------
     0 | D:1      | Crownlay the Minotaur Monk began the quest for the Orb.
     0 | D:1      | Reached XP level 1. HP: 19/19 MP: 0/0
    35 | D:1      | Found a faded altar of an unknown god.
   119 | D:1      | Became a worshipper of Jiyva Juiphais the Shapeless
   119 | D:1      | Reached * piety under Jiyva
   119 | D:1      | Reached ** piety under Jiyva
   120 | D:1      | Quit the game

Illustrated notes

Levels and vault maps discovered:
D:1:      lemuel_arrival_behind_the_door_large, layout_basic,
          shapermc_ecumenical_altar_petra, minmay_indecisive_spiral

Action                   || total
-------------------------++-------
Melee: Falchion          ||     5
       Headbutt          ||     1
Armor: Robe              ||     2
Dodge: Dodged            ||     2
       Rpst.: Falchion   ||     1
